 Seeded DCSS version 0.29-a0-184-g2ef5e92 (webtiles) character file.

Game seed: 4274884859091243861 (custom seed)

93 brinewave the Caller (level 4, 0/31 HPs)
             Began as a Merfolk Summoner on Feb 20, 2022.
             Slain by Ijyb (2 damage)
             ... on level 3 of the Dungeon.
             The game lasted 00:22:03 (4231 turns).

brinewave the Caller (Merfolk Summoner)             Turns: 4231, Time: 00:22:03

Health: 0/31       AC:  2    Str:  8    XL:     4   Next: 61%
Magic:  2/7        EV: 13    Int: 16    God:
Gold:   76         SH:  0    Dex: 14    Spells: 2/8 levels left

rFire   . . .      SeeInvis .   q - +0 short sword (vamp)
rCold   . . .      Faith    .   (no shield)
rNeg    . . .      Spirit   .   a - +0 robe
rPois   +          Reflect  .   (no helmet)
rElec   .          Harm     .   (no cloak)
rCorr   .          Rampage  .   (no gloves)
Will    .....                   (no boots)
Stlth   ++........              (no amulet)
HPRegen 0.10/turn               j - ring of poison resistance
MPRegen 0.10/turn               (no ring)

@: mighty
A: (nimble swimmer 2), mertail
a: no special abilities


You were on level 3 of the Dungeon.
You visited 1 branch of the dungeon, and saw 3 of its levels.

You collected 76 gold pieces.

Inventory:

Hand Weapons
 q - a +0 vampiric short sword (weapon)
Missiles
 m - 6 boomerangs
 o - 55 stones
Armour
 a - a +0 robe (worn)
 f - a +0 leather armour
Jewellery
 j - a ring of poison resistance (left hand)
Scrolls
 i - 2 scrolls of fear
 p - a scroll of vulnerability {unknown}
Potions
 b - a potion of flight {unknown}
 c - 3 potions of curing
 d - a potion of resistance {unknown}
 e - a potion of brilliance {unknown}
 g - a potion of berserk rage {unknown}
 h - 2 potions of mutation {unknown}
 k - a potion of heal wounds {unknown}
 l - a potion of attraction {unknown}


   Skills:
 + Level 0.5 Fighting
 + Level 1.6 Short Blades
 + Level 3.6 Dodging
 - Level 3.0 Stealth
 + Level 2.6 Spellcasting
 + Level 4.4 Summonings


You had 2 spell levels left.
You knew the following spells:

 Your Spells              Type           Power      Damage    Failure   Level
a - Summon Small Mammal   Summ           64%        N/A       3%          1
b - Call Imp              Summ           16%        N/A       4%          2
c - Call Canine Familiar  Summ           16%        N/A       10%         3

Your spell library contained the following spells:

 Spells                   Type           Power      Damage    Failure   Level
 Summon Guardian Golem    Hex/Summ       9%         N/A       24%         3
 Summon Ice Beast         Ice/Summ       9%         N/A       61%         4
 Summon Lightning Spire   Summ/Air       9%         N/A       61%         4
 Summon Forest            Summ/Tloc      4%         N/A       91%         5
 Simulacrum               Ice/Necr       1%         N/A       100%        6


Dungeon Overview and Level Annotations

Branches:
Dungeon (3/15)

Altars:

Shops:
D:1 [

Annotations:
D:3 Ijyb


Innate Abilities, Weirdness & Mutations

((You are very nimble when in or above water. (Stealth+, EV+, Speed+++)))
Your lower body shifts to a powerful aquatic tail in water.


Message History

Ijyb zaps a wand.
The puff of flame hits you!
* * * LOW HITPOINT WARNING * * *
Casting: Summon Small Mammal (safe; 3% risk of failure)
Confirm with . or Enter, or press ? or * to list all spells.
Your rat disappears in a puff of smoke!
Your crimson imp barely misses Ijyb.
Your bat hits Ijyb but does no damage.
Ijyb hits your crimson imp but does no damage.
Your crimson imp hits Ijyb but does no damage.
Your bat closely misses Ijyb.
Ijyb hits your crimson imp with a +0 hand axe.
Your crimson imp hits Ijyb.
Ijyb barely misses your crimson imp. Ijyb barely misses your bat.
Your bat barely misses Ijyb.
Your crimson imp hits Ijyb but does no damage.
Ijyb throws a stone.
The stone hits your crimson imp but does no damage.
Your crimson imp closely misses Ijyb.
Your rat bites Ijyb but does no damage.
Your bat barely misses Ijyb.
Ijyb throws a stone.
The stone hits your crimson imp but does no damage.
Your crimson imp closely misses Ijyb.
Your rat bites Ijyb but does no damage.
Your bat hits Ijyb but does no damage.
Ijyb throws a stone.
The stone closely misses your crimson imp.
The stone barely misses your bat. The stone hits you.
* * * LOW HITPOINT WARNING * * *
Your crimson imp hits Ijyb but does no damage.
Your rat bites Ijyb but does no damage.
Your bat closely misses Ijyb.
Ijyb barely misses your crimson imp. Ijyb hits your rat with a +0 hand axe.
Ijyb hits your bat with a +0 hand axe.
Your bat dies!
Your bat's corpse disappears in a puff of smoke!
Your crimson imp closely misses Ijyb.
Your rat bites Ijyb but does no damage.
Ijyb throws a stone.
The stone hits you.
* * * LOW HITPOINT WARNING * * *
Your crimson imp hits Ijyb but does no damage.
Your rat bites Ijyb.
Your crimson imp hits Ijyb but does no damage.
You feel very mighty all of a sudden. Ijyb hits you with a +0 hand axe.
You die...

### ##.##### ##.#.##.##
########.###....##
#.....)..).#.....####
#.######.#..........###
#.# ##).....5r.....#
#.# ##.##..g#####.# #.#
#.###.@# #.# #.# #..#
##.#### #.# #..#
....^.# #)# #..### #.
##.##.#####.###..... ..
#.##...............
#.#####
#.##.##########.###
..... #.##.######## #.#
.... #.##......... ..#


You could see Ijyb (ally target), a friendly crimson imp (summoned) and a
friendly rat (summoned).

Vanquished Creatures
  2 orcs (D:3)
  An endoplasm (D:3)
  A giant cockroach (D:1)
  4 goblins
  2 hobgoblins (D:2)
  A jackal (D:1)
  A kobold (D:3)
  2 quokkas (D:2)
  A ball python (D:2)
  2 frilled lizards
  A rat (D:2)
18 creatures vanquished.

Vanquished Creatures (collateral kills)
  Robin (D:2)
  An adder (D:2)
  A worm (D:2)
  A dart slug (D:1)
  An orc (D:3)
  3 ball pythons
  3 bats (D:1)
  An endoplasm (D:2)
  2 giant cockroaches (D:1)
  5 hobgoblins
  2 jackals (D:1)
  A quokka (D:2)
  8 goblins
  7 kobolds
  3 rats
40 creatures vanquished.

Grand Total: 58 creatures vanquished

Notes
Turn   | Place    | Note
-------+----------+-------------------------------------------
     0 | D:1      | brinewave the Merfolk Summoner began the quest for the Orb.
     0 | D:1      | Reached XP level 1. HP: 13/13 MP: 3/3
   540 | D:1      | Reached XP level 2. HP: 19/19 MP: 3/5
   564 | D:1      | Learned a level 2 spell: Call Imp
   806 | D:1      | Found a faded altar of an unknown god.
   955 | D:1      | Found Qaide's Armour Shoppe.
  1212 | D:1      | Reached XP level 3. HP: 21/24 MP: 2/6
  1700 | D:2      | Learned a level 3 spell: Call Canine Familiar
  1895 | D:2      | Noticed Robin
  2204 | D:2      | Reached skill level 1 in Short Blades
  2400 | D:2      | Killed Robin
  2429 | D:2      | Reached XP level 4. HP: 21/30 MP: 2/7
  3351 | D:3      | Upgraded the game from 0.29-a0-182-g5994186 to
                  | 0.29-a0-184-g2ef5e92
  3366 | D:3      | Noticed Ijyb
  3985 | D:3      | Noticed an ice beast
  3986 | D:3      | Got Afiroaq's Almanac of the Compass and Ice
  4231 | D:3      | Slain by Ijyb

Illustrated notes

Levels and vault maps discovered:
D:1:      lightli_arrival_maybe_door_vault, layout_loops_ring, serial_shops,
          nicolae_shop_waterfront, shapermc_ecumenical_altar_pompeii,
          st_stairs_7, minmay_tall_x
D:2:      layout_basic, uniq_robin
D:3:      layout_loops_ring, uniq_ijyb

Skill      XL: |  1  2  3 |
---------------+----------+-----
Dodging        | 3 |  3.6
Short Blades   | 1 |  1.6
Stealth        | 3 |  3.0
Fighting       | |  0.5
Spellcasting   | |  2.6
Summonings     | |  4.4

Action                   |  1- 3 |  4- 6 || total
-------------------------+-------+-------++-------
Melee: Unarmed           |    12 |       ||    12
       Dagger            |    54 |    41 ||    95
       Punch             |     1 |       ||     1
       Short sword       |       |    14 ||    14
 Cast: Summon Small Mamm |    21 |     5 ||    26
       Call Imp          |    23 |    18 ||    41
  Use: Scroll            |     1 |     4 ||     5
       Potion            |       |     1 ||     1
 Stab: Sleeping          |     1 |       ||     1
       Distracted        |       |     1 ||     1
Armor: Robe              |    16 |     6 ||    22
Dodge: Dodged            |    72 |    40 ||   112

Table legend: (Time is in decaauts)
 A = Elapsed time spent in this place.
 B = Non-inter-level travel time spent in this place.
 C = Inter-level travel time spent in this place.
 D = Time resting spent in this place.
 E = Time spent auto-exploring this place.
 F = Levels seen in this place.
 G = Mean time per level.
                   A        B        C        D        E       F      G
               +--------+--------+--------+--------+--------+-----+--------+
         Total |   4222 |   4151 |     71 |   1507 |   1296 |   3 | 1407.3 |
       Dungeon |   4222 |   4151 |     71 |   1507 |   1296 |   3 | 1407.3 |
               +--------+--------+--------+--------+--------+-----+--------+

Top non-repeatable levels by time:
     D:2: 2053 daAuts
     D:1: 1637 daAuts
     D:3: 531 daAuts
